 Dungeon Crawl Stone Soup version 0.32-a0-38-gb04dd89b9b (webtiles) character file.

Game seed: 5327346858709497124

1252 PriceMaster the Firebug (level 8, -17/48 HPs)
             Began as an Octopode Fire Elementalist on Jan 23, 2024.
             Was a Plaything of Xom.
             Engulfed by a cloud of flame (26 damage)
             ... on level 6 of the Dungeon.
             The game lasted 00:12:37 (5993 turns).

PriceMaster the Firebug (OpFE)                      Turns: 5993, Time: 00:12:38

Health: -17/48     AC:  1    Str:  7    XL:     8   Next: 51%
Magic:  10/16      EV: 13    Int: 28    God:    Xom [......]
Gold:   288        SH:  0    Dex: 12    Spells: 8/17 levels left

rFire   . . .        m - +8 whip of Plague {vamp, Int+8}
rCold   . . .        (no shield)
rNeg    . . .        (helmet restricted)
rPois   .            (no amulet)
rElec   .            k - ring of flight
rCorr   .            f - +4 ring of slaying
SInv    .            (no ring)
Will    .....        (no ring)
Stlth   ++++         (no ring)
HPRegen 0.28/turn    (no ring)
MPRegen 0.15/turn    (no ring)
                     (no ring)

%: no passive effects
@: flying
A: almost no armour, amphibious, 8 rings, camouflage 1, gelatinous body 1,
(nimble swimmer 1), tentacles
a: Renounce Religion


You were on level 6 of the Dungeon.
You worshipped Xom.
You were a very special plaything of Xom.
You visited 1 branch of the dungeon, and saw 6 of its levels.

You collected 288 gold pieces.

Inventory:

Hand Weapons
 c - a +0 dagger
 m - the +8 whip of Plague (weapon) {vamp, Int+8}
   (You found it on level 3 of the Dungeon)

   Int+8:     It affects your intelligence (+8).
Magical Staves
 p - a staff of earth
Jewellery
 f - a +4 ring of slaying (right tentacle)
 k - a ring of flight (left tentacle)
Wands
 g - a wand of light (10)
Scrolls
 b - a scroll of amnesia {unknown}
 e - a scroll of fog
 h - a scroll of poison {unknown}
 o - 2 scrolls of enchant armour {unknown}
 t - a scroll of enchant weapon {unknown}
 u - a scroll of summoning {unknown}
Potions
 i - 2 potions of mutation {unknown}
 j - a potion of lignification
 l - 2 potions of enlightenment
 n - a potion of degeneration {unknown}
 q - a potion of brilliance {unknown}
 r - 2 potions of berserk rage {unknown}
 s - a potion of curing


   Skills:
 + Level 1.4 Fighting
 - Level 0.1 Short Blades
 + Level 2.4 Maces & Flails
 + Level 3.1 Dodging
 + Level 5.2 Stealth
 + Level 5.4 Spellcasting
 + Level 2.2 Conjurations
 + Level 1.2 Hexes
 + Level 0.1 Translocations
 + Level 6.5 Fire Magic


You had 8 spell levels left.
You knew the following spells:

 Your Spells              Type           Power      Damage    Failure   Level
a - Foxfire               Conj/Fire      100%       2x1d9     1%          1
b - Scorch                Fire           86%        2d8       1%          2
c - Inner Flame           Hex/Fire       29%        N/A       4%          3
d - Volatile Blastmotes   Fire/Tloc      52%        2d14      4%          3

Your spell library contained the following spells:

 Spells                   Type           Power      Damage    Failure   Level
 Apportation              Tloc           16%        N/A       6%          1
 Momentum Strike          Conj/Tloc      28%        3d8       6%          2
 Ensorcelled Hibernation  Hex/Ice        22%        N/A       8%          2
 Dazzling Flash           Conj/Hex       34%        N/A       10%         3
 Flame Wave               Conj/Fire      32%        2d9       11%         4
 Hailstorm                Conj/Ice       13%        3d6       12%         3
 Sigil of Binding         Hex            14%        N/A       12%         3
 Call Canine Familiar     Summ           7%         N/A       19%         3
 Summon Ice Beast         Ice/Summ       7%         N/A       19%         3
 Dimensional Bullseye     Hex/Tloc       5%         N/A       43%         4
 Yara's Violent Unravell  Hex/Alch       5%         3d4       80%         5
 Dispersal                Tloc           4%         N/A       100%        6
 Sculpt Simulacrum        Ice/Alch       3%         N/A       100%        6


Dungeon Overview and Level Annotations

Branches:
Dungeon (6/15)             Temple (0/1) D:5

Altars:
Ashenzari
Gozag
Xom

Shops:
D:3 [

Annotations:
D:5 3 runed translucent doors, 2 transporters, knightboat's ghost, amateur OnFE


Innate Abilities, Weirdness & Mutations

You cannot wear most types of armour.
You are amphibious.
You can wear up to eight rings at the same time.
Your skin changes colour to match your surroundings (Stealth+).
Your rubbery body absorbs attacks. (AC +1, EV +1)
((You are camouflaged when in or above water. (Stealth+)))
You have tentacles for arms and can constrict up to eight enemies at once.


Message History

Confirm with . or Enter, or press ? or * to list all spells.
You conjure some foxfire!
The foxfire hits the sky beast but does no damage.
Your foxfire dissipates!
The foxfire hits the sky beast.
The sky beast is lightly wounded.
Casting: Foxfire (safe; 1% risk of failure)
Confirm with . or Enter, or press ? or * to list all spells.
Aiming: Inner Flame (dangerous; 4% risk of failure)
Press: ? - help, Dir - move target, f/p - sky beast
Aim: a sky beast (lightly wounded, chance to affect: 83%)
The sky beast is filled with an inner flame.
Casting: Inner Flame (dangerous; 4% risk of failure)
Confirm with . or Enter, or press ? or * to list all spells.
You don't know that spell.
Magic courses through your body.
Casting: Scorch (safe; 1% risk of failure)
Press: ? - help, Q - select action, (/) - cycle Dir - look around, f - activate Nothing appears to happen.
Casting: Scorch (safe; 1% risk of failure)
Press: ? - help, Q - select action, (/) - cycle Dir - look around, f - activate Flames lash the sky beast.
Flame seeps out of the sky beast.
The sky beast is moderately wounded.
The sky beast's fire resistance burns away.
The sky beast is engulfed in blazing flames.
Flame seeps out of the sky beast.
Casting: Scorch (safe; 1% risk of failure)
Confirm with . or Enter, or press ? or * to list all spells.
You conjure some foxfire!
The foxfire hits the sky beast!
The sky beast is burned terribly!
The sky beast explodes!
The fiery explosion engulfs you!!
Ouch! That really hurt!
* * * LOW HITPOINT WARNING * * *
Casting: Foxfire (safe; 1% risk of failure)
Confirm with . or Enter, or press ? or * to list all spells.
You conjure some foxfire!
You are engulfed in blazing flames.
Ouch! That really hurt!
You die...
Xom laughs nastily!

..## #... #!.. #...
####... .......
####...#################
.......§v@v.............
###########..#.#.#####.#
#.....<..#####.#
###............#.#
#................#
#.#........###...#
#.#........# ###.###
#.#........# #...#
######.#........# ###..


There were no monsters in sight!

Vanquished Creatures
  The ghost of SheepSpotted the Changeling, an amateur DrSh (D:4)
  2 black bears
  2 sky beasts (D:6)
  An ogre (D:6)
  A bullfrog (D:6)
  2 scorpions (D:5)
  A vampire bat (D:5)
  2 howler monkeys (D:4)
  4 hounds
  A sleepcap (D:5)
  An iguana (D:5)
  5 adders
  2 ribbon worms
  3 fire bats (D:5)
  7 orcs
  2 spectral bats (D:5)
  5 ball pythons
  10 bats
  3 bat skeletons (D:5)
  A bat zombie (D:5)
  6 endoplasms
  3 giant cockroaches
  3 goblins
  6 hobgoblins
  3 jackals (D:5)
  6 quokkas
  A bat simulacrum (D:5)
  2 frilled lizards
  3 kobolds (D:4)
  3 rats
92 creatures vanquished.

Vanquished Creatures (others)
  123 foxfires
123 creatures vanquished.

Grand Total: 215 creatures vanquished

Notes
Turn   | Place    | Note
-------+----------+-------------------------------------------
     0 | D:1      | PriceMaster the Octopode Fire Elementalist began the quest
                  | for the Orb.
     0 | D:1      | Reached XP level 1. HP: 11/11 MP: 3/3
   304 | D:1      | Reached XP level 2. HP: 15/17 MP: 1/5
   307 | D:1      | Learned a level 2 spell: Scorch
  1135 | D:2      | Reached XP level 3. HP: 21/21 MP: 2/6
  2401 | D:3      | Reached XP level 4. HP: 27/27 MP: 2/8
  2557 | D:3      | Found Maasasma's Antique Armour Emporium.
  2816 | D:3      | Identified the +8 whip of Plague {vamp, Int+8}
  2877 | D:3      | Reached skill level 4 in Fire Magic
  2953 | D:3      | Found a faded altar of an unknown god.
  3204 | D:3      | Prayed at the altar of an unknown god.
  3204 | D:3      | Became a worshipper of The Xom-Meister, Xom-o-Rama
  3205 | D:3      | Upgraded the game from 0.32-a0-35-gd9ff480968 to
                  | 0.32-a0-38-gb04dd89b9b
  3383 | D:4      | Learned a level 3 spell: Inner Flame
  3469 | D:4      | Found a transporter.
  3471 | D:4      | Found a transporter.
  3471 | D:4      | Noticed SheepSpotted's ghost (amateur DrSh)
  3522 | D:4      | XOM: noise
  3527 | D:4      | Reached XP level 5. HP: 25/31 MP: 5/10
  3532 | D:4      | XOM: potion effect (haste)
  3662 | D:4      | Noticed a black bear
  3669 | D:4      | Killed a black bear
  3670 | D:4      | Reached XP level 6. HP: 33/36 MP: 2/12
  3722 | D:4      | XOM: silly message
  4043 | D:4      | Found a broken altar of Ashenzari.
  4167 | D:4      | XOM: cloud trail
  4446 | D:4      | XOM: snakes to sticks
  4449 | D:4      | XOM: cast spell 'Fugue of the Fallen'
  4450 | D:4      | XOM: confuse monster(s)
  4457 | D:4      | Killed SheepSpotted's ghost
  4458 | D:4      | Reached skill level 1 in Maces & Flails
  4458 | D:4      | Reached skill level 5 in Fire Magic
  4458 | D:4      | Reached XP level 7. HP: 33/42 MP: 0/13
  4584 | D:5      | Entered Level 5 of the Dungeon
  4682 | D:5      | XOM: enchant monster (bad)
  4721 | D:5      | Found a runed translucent gate.
  4721 | D:5      | Found a runed translucent gate.
  4721 | D:5      | Found a runed translucent gate.
  4722 | D:5      | Found an opulent altar of Gozag.
  4723 | D:5      | Noticed knightboat's ghost (amateur OnFE)
  4723 | D:5      | Noticed a two-headed ogre
  4723 | D:5      | Noticed a shadow
  4820 | D:5      | Found a transporter.
  4866 | D:5      | Found a transporter.
  4887 | D:5      | Reached skill level 1 in Hexes
  5171 | D:5      | Reached skill level 1 in Fighting
  5440 | D:5      | Reached XP level 8. HP: 48/48 MP: 8/15
  5443 | D:5      | Reached skill level 5 in Stealth
  5443 | D:5      | Reached skill level 5 in Spellcasting
  5576 | D:5      | Found a staircase to the Ecumenical Temple.
  5775 | D:6      | Identified a scroll of acquirement
  5775 | D:6      | Acquired the Almanac of Bad Luck and the Wayfarer
  5781 | D:6      | Learned a level 3 spell: Volatile Blastmotes
  5852 | D:6      | XOM: silly message
  5856 | D:6      | Reached skill level 6 in Fire Magic
  5984 | D:6      | XOM: polymorph ice beast -> sky beast
  5993 | D:6      | Engulfed by a cloud of flame

Illustrated notes

Levels and vault maps discovered:
D:1:      minmay_arrival_wavy_path, layout_basic,
          wander_ebering_terrifying_dragon_lair
D:2:      layout_basic, minmay_strange_pillars
D:3:      layout_basic, chequers_ecumenical_altar_simple_redux, serial_shops,
          shop
D:4:      layout_loops_corners, kennysheep_mini, gammafunk_ghost_arena
D:5:      gammafunk_steamed_eel, layout_rooms, temple_hall, ebering_ghost_gozag,
          goddamned_bats
D:6:      layout_basic, nicolae_overflow_hidden_temple,
          nzn_wu_jian_council_hall, makhleb_grotto_becter

Skill      XL: |  1  2  3  4  5  6  7  8 |
---------------+-------------------------+-----
Spellcasting   | 3 4 5 |  5.4
Fire Magic     | 4 5 6 |  6.5
Stealth        | 3 4 5 |  5.2
Conjurations   | 2 |  2.2
Maces & Flails | 1 2 |  2.4
Hexes          | 1 |  1.2
Fighting       | 1 |  1.4
Dodging        | 3 |  3.1
Short Blades   | |  0.1
Translocations | |  0.1

Action                     |  1- 3 |  4- 6 |  7- 9 || total
---------------------------+-------+-------+-------++-------
  Melee: Unarmed           |    12 |       |       ||    12
         Tentacles         |     2 |     3 |    10 ||    15
         Constrict         |     1 |     7 |    11 ||    19
         Dagger            |     1 |     1 |       ||     2
         Whip              |       |    24 |    50 ||    74
   Cast: Foxfire           |    30 |    33 |    13 ||    76
         Scorch            |    19 |    14 |    15 ||    48
         Inner Flame       |       |     4 |     6 ||    10
         Volatile Blastmot |       |       |     4 ||     4
    Use: Scroll            |     4 |       |     2 ||     6
         Potion            |       |     5 |     2 ||     7
   Stab: Sleeping          |     1 |     3 |     6 ||    10
 Armour: Skin              |     4 |    48 |    59 ||   111
  Dodge: Dodged            |    15 |    23 |    56 ||    94

Table legend: (Time is in decaauts)
 A = Elapsed time spent in this place.
 B = Non-inter-level travel time spent in this place.
 C = Inter-level travel time spent in this place.
 D = Time resting spent in this place.
 E = Time spent auto-exploring this place.
 F = Levels seen in this place.
 G = Mean time per level.
                   A        B        C        D        E       F      G
               +--------+--------+--------+--------+--------+-----+--------+
         Total |   5958 |   5640 |    318 |    442 |   4454 |   6 |  993.0 |
       Dungeon |   5958 |   5640 |    318 |    442 |   4454 |   6 |  993.0 |
               +--------+--------+--------+--------+--------+-----+--------+

Top non-repeatable levels by time:
     D:2: 1437 daAuts
     D:4: 1329 daAuts
     D:5: 1127 daAuts
     D:1: 957 daAuts
     D:3: 826 daAuts
     D:6: 281 daAuts
